 Dungeon Crawl Stone Soup version 0.30.1-11-g7821555f0a (webtiles) character file.

Game seed: 14461144863706805684

126 zooploop the Cudgeller (level 4, 0/44 HPs)
             Began as a Troll Fighter on Jan 15, 2024.
             Killed from afar by Sigmund (9 damage)
             ... with a magic dart
             ... on level 3 of the Dungeon.
             The game lasted 00:10:20 (1450 turns).

zooploop the Cudgeller (Troll Fighter)              Turns: 1450, Time: 00:10:20

Health: 0/44       AC:  4    Str: 26    XL:     4   Next: 83%
Magic:  3/3        EV: 15    Int:  4    God:
Gold:   124        SH:  0    Dex:  9    Spells: 2/3 levels left

rFire   . . .        a - +0 flail
rCold   . . .        (no shield)
rNeg    + . .        b - +0 robe
rPois   .            (helmet restricted)
rElec   .            (no cloak)
rCorr   .            (gloves unavailable)
SInv    .            (boots unavailable)
Will    .....        (no amulet)
Stlth   +            j - +5 ring of evasion
HPRegen 1.07/turn    m - ring of positive energy
MPRegen 0.08/turn

%: no passive effects
@: no status effects
A: large, unfitting armour, claws 3, regeneration 1, shaggy fur 1, tough skin 1
a: no special abilities


You were on level 3 of the Dungeon.
You visited 1 branch of the dungeon, and saw 3 of its levels.

You collected 124 gold pieces.

Inventory:

Hand Weapons
 a - a +0 flail (weapon)
 e - a +2 antimagic sling
Missiles
 g - 9 boomerangs
Armour
 b - a +0 robe (worn)
 c - a +0 kite shield
 f - an orb of light
Jewellery
 j - a +5 ring of evasion (left claw)
 m - a ring of positive energy (right claw)
Scrolls
 h - 4 scrolls of identify {unknown}
 k - 3 scrolls of blinking {unknown}
 n - a scroll of magic mapping {unknown}
 q - a scroll of enchant armour {unknown}
 r - a scroll of poison {unknown}
Potions
 d - 3 potions of might
 i - a potion of haste {unknown}
 l - a potion of curing {unknown}
 o - a potion of lignification {unknown}
 p - a potion of berserk rage


   Skills:
 + Level 2.8 Fighting
 + Level 3.3 Maces & Flails
 + Level 0.4 Ranged Weapons
 + Level 2.9 Dodging
 + Level 3.1 Shields


You had 2 spell levels left.
You knew the following spells:

 Your Spells              Type           Power      Damage    Failure   Level
a - Freeze                Ice            0%         1d3       50%         1

Your spell library contained the following spells:

 Spells                   Type           Power      Damage    Failure   Level
 Frozen Ramparts          Ice            0%         1d1       86%         3
 Hailstorm                Conj/Ice       0%         3d3       86%         3
 Inner Flame              Hex/Fire       0%         N/A       86%         3
 Flame Wave               Conj/Fire      0%         2d4       99%         4
 Sticky Flame             Conj/Fire      0%         2d3       99%         4


Dungeon Overview and Level Annotations

Branches:
Dungeon (3/15)

Altars:

Annotations:
D:3 Sigmund


Innate Abilities, Weirdness & Mutations

You are too large for most types of armour.
You have claws for hands.
Your natural rate of healing is unusually fast.
You are covered in fur. (AC +1)
You have tough skin. (AC +1)


Message History

You hear some strange, mumbled words.
You are more confused.
You miss something. Something barely misses you. Something hits you.
You are too confused!
You are too confused!
You are too confused!
You are too confused!
You are too confused!
You are too confused!
You are too confused!
You are too confused!
You are too confused!
You are too confused!
You are too confused!
You are too confused!
You are too confused!
You are too confused!
Something barely misses you.
You bump into the rock wall.
Something hits you. Something hits you!
You are too confused!
You are too confused!
You are too confused!
You are too confused!
You are too confused!
You are too confused!
Something hits you.
You are too confused!
You are too confused!
You hear a zap.
A bolt of light appears from out of thin air!
The bolt of light hits you!
You feel less confused.
A puff of flame appears from out of thin air!
The puff of flame hits you!
* * * LOW HITPOINT WARNING * * *
A magic dart appears from out of thin air!
The magic dart hits you!
You die...

#.........#..........#.#
##.#...................
#.##.#..............#
#.@..##....#.##..##.##
#..####.#............# #
#.. #.#........###.....
... #..####.....##.....
.## ##.###........## #.
#.#...@.{.##..# ..
#...##....# #<##.#
.....# ###..###....#
..... ##.##.....#. ....
#..........# ...
###...w...## . #.......#
##......# #......#


There were no monsters in sight!

Vanquished Creatures
  An iguana (D:2)
  A gnoll (D:1)
  2 adders
  A dart slug (D:1)
  6 bats
  10 endoplasms
  2 giant cockroaches (D:1)
  4 goblins
  3 hobgoblins
  7 jackals
  2 quokkas (D:2)
  6 ball pythons
  7 frilled lizards
  8 kobolds
  7 rats
67 creatures vanquished.

Notes
Turn   | Place    | Note
-------+----------+-------------------------------------------
     0 | D:1      | zooploop the Troll Fighter began the quest for the Orb.
     0 | D:1      | Reached XP level 1. HP: 22/22 MP: 0/0
    69 | D:1      | Reached XP level 2. HP: 29/29 MP: 0/1
   307 | D:1      | Reached XP level 3. HP: 36/36 MP: 2/2
   669 | D:2      | Reached XP level 4. HP: 40/44 MP: 3/3
   703 | D:2      | Learned a level 1 spell: Freeze
  1317 | D:3      | Noticed Sigmund
  1332 | D:3      | HP: 2/44 [Sigmund/puff of flame (7)]
  1450 | D:3      | Killed from afar by Sigmund

Illustrated notes

Levels and vault maps discovered:
D:1:      grunt_arrival_crossed_arrows, layout_rooms
D:2:      layout_rooms, minmay_lizard_pond
D:3:      layout_rooms, uniq_sigmund, uniq_natasha

Skill      XL: |  1  2  3  4 |
---------------+-------------+-----
Shields        | 3 |  3.1
Maces & Flails | 2 3 |  3.3
Fighting       | |  2.8
Ranged Weapons | |  0.4
Dodging        | |  2.9

Action                     |  1- 3 |  4- 6 || total
---------------------------+-------+-------++-------
  Melee: Flail             |   104 |    90 ||   194
   Fire: Sling             |    16 |       ||    16
    Use: Potion            |       |     1 ||     1
 Armour: Robe              |    37 |    44 ||    81
  Dodge: Dodged            |    90 |   188 ||   278
  Block: Kite shield       |    14 |       ||    14
